 Dungeon Crawl Stone Soup version 0.30.1-3-gfc49f6343a (webtiles) character file.

Game seed: 12056946995441528214

436 KyoPewz the Chopper (level 7, -1/52 HPs)
             Began as a Human Fighter on Aug 6, 2023.
             Was a Follower of the Shining One.
             Slain by Crazy Yiuf
             ... wielding a +4 quarterstaff of chaos
              (3 damage)
             ... while petrified by Crazy Yiuf
             ... on level 3 of the Dungeon.
             The game lasted 00:10:06 (2884 turns).

KyoPewz the Chopper (Human Fighter)                 Turns: 2884, Time: 00:10:07

Health: -1/52      AC:  6    Str: 18    XL:     7   Next: 21%
Magic:  5/7        EV:  2    Int:  8    God:    the Shining One [*.....]
Gold:   151        SH:  0    Dex: 13    Spells: 6/6 levels left

rFire   + . .        a - +0 war axe
rCold   + . .        c - +0 buckler
rNeg    + + +        b - +0 scale mail
rPois   ∞            (no helmet)
rElec   +            (no cloak)
rCorr   +            (no gloves)
SInv    .            (no boots)
Will    .....        s - amulet of regeneration Stlth
                     N - ring of positive energy
HPRegen 1.08/turn    (no ring)
MPRegen 0.10/turn

%: no passive effects
@: lethally poisoned (-1 -> -1), divinely shielded, resistant, petrified,
glowing
A: no striking features
a: Renounce Religion, Divine Shield


You were on level 3 of the Dungeon.
You worshipped the Shining One.
The Shining One was aware of your devotion.
You visited 1 branch of the dungeon, and saw 3 of its levels.

You collected 151 gold pieces.

Inventory:

Hand Weapons
 a - a +0 war axe (weapon)
 z - a +1 trident of venom
Missiles
 e - 55 stones (quivered)
 o - 6 javelins
 y - 2 poisoned darts
 A - 4 boomerangs
Armour
 b - a +0 scale mail (worn)
 c - a +0 buckler (worn)
 h - a +0 cloak
 v - a +0 leather armour of positive energy
Jewellery
 f - an amulet of faith
 s - an amulet of regeneration (around neck)
 N - a ring of positive energy (left hand)
Wands
 x - a wand of flame (25)
Scrolls
 g - 4 scrolls of teleportation {unknown}
 k - 2 scrolls of blinking {unknown}
 l - a scroll of fear {unknown}
 n - a scroll of identify {unknown}
 q - a scroll of fog {unknown}
 r - a scroll of magic mapping {unknown}
 w - a scroll of brand weapon {unknown}
Potions
 d - a potion of might
 i - 3 potions of heal wounds {unknown}
 j - a potion of resistance {unknown}
 m - 2 potions of degeneration {unknown}
 p - a potion of berserk rage {unknown}
 t - 2 potions of curing {unknown}
 u - 2 potions of haste {unknown}


   Skills:
 - Level 3.0 Fighting
 + Level 7.3 Axes
 - Level 3.0 Armour
 - Level 3.0 Shields


You had 6 spell levels left.
You didn't know any spells.
Your spell library contained the following spells:

 Spells                   Type           Power      Damage    Failure   Level
 Lesser Beckoning         Tloc           0%         N/A       95%         2
 Gell's Gravitas          Tloc           0%         N/A       99%         3
 Teleport Other           Tloc           0%         N/A       99%         3


Dungeon Overview and Level Annotations

Branches:
Dungeon (3/15)

Altars:
The Shining One

Annotations:
D:2 Sigmund
D:3 Crazy Yiuf


Message History

Okay, then.
Unknown command.
Your shield is strengthened by the Shining One's divine power.
You now have 4/7 mp.
As you open the door, it creaks loudly!
You completely miss Crazy Yiuf.
Crazy Yiuf hits you with a +4 quarterstaff of chaos!
You are slowing down.
You take 14 damage, and have 38/52 hp.
MASSIVE DAMAGE!!
You barely miss Crazy Yiuf.
Crazy Yiuf hits you with a +4 quarterstaff of chaos.
You are poisoned.
You block Crazy Yiuf's attack.
Your limbs are stiffening.
You take 1 damage, and have 37/52 hp.
You hit Crazy Yiuf.
Crazy Yiuf is lightly wounded.
You feel very sick.
Crazy Yiuf hits you with a +4 quarterstaff of chaos!
You are more poisoned.
You have turned to stone.
Crazy Yiuf hits you with a +4 quarterstaff of chaos!
Crazy Yiuf burns you.
Crazy Yiuf hits you with a +4 quarterstaff of chaos!
Crazy Yiuf burns you!
* * * LOW HITPOINT WARNING * * *
Crazy Yiuf hits you with a +4 quarterstaff of chaos!
* * * LOW HITPOINT WARNING * * *
Crazy Yiuf hits you with a +4 quarterstaff of chaos!
* * * LOW HITPOINT WARNING * * *
You feel protected.
Crazy Yiuf hits you with a +4 quarterstaff of chaos!
* * * LOW HITPOINT WARNING * * *
Crazy Yiuf hits you but does no damage.
Crazy Yiuf hits you with a +4 quarterstaff of chaos!
* * * LOW HITPOINT WARNING * * *
Crazy Yiuf hits you with a +4 quarterstaff of chaos!
* * * LOW HITPOINT WARNING * * *
Crazy Yiuf freezes you.
Crazy Yiuf hits you with a +4 quarterstaff of chaos!
You die...

##..##
###~##~#~...
#....#
#..~~8.~#~##
♣P...♣
###.~.~..._.
♣...♣♣
##.~###....~
♣♣.♣♣
#.....#~~~..
♣.♣♣
#..#.~~~..~~
♣♣.♣
##.#.~#~~~.~
♣.♣♣
#....~##+++
♣♣@♣
####.#.~~~~~
#g#
#.......>...
...
#####.###.##
#...# #.# #.#
#..)# ### #.#
#.# ##### #.#
#.###'## #.#
#.##...# ####<#
#.#.....
#..#.###.......


You could see Crazy Yiuf.

Vanquished Creatures
  A gnoll sergeant (D:3)
  A scorpion (D:3)
  17 gnolls (D:3)
  An adder (D:3)
  3 worms
  2 dart slugs (D:2)
  20 orcs (D:3)
  5 endoplasms
  3 giant cockroaches
  7 goblins
  3 hobgoblins (D:1)
  20 jackals (D:3)
  A quokka (D:1)
  9 ball pythons
  6 bats
  3 frilled lizards
  6 kobolds
  5 rats
  A spectral kobold (D:3)
114 creatures vanquished.

Vanquished Creatures (others)
  A rat (D:2)
1 creature vanquished.

Grand Total: 115 creatures vanquished

Notes
Turn   | Place    | Note
-------+----------+-------------------------------------------
     0 | D:1      | KyoPewz the Human Fighter began the quest for the Orb.
     0 | D:1      | Reached XP level 1. HP: 18/18 MP: 1/1
   142 | D:1      | Reached XP level 2. HP: 24/24 MP: 2/2
   386 | D:1      | Reached skill level 3 in Axes
   414 | D:1      | Reached XP level 3. HP: 29/29 MP: 3/3
  1139 | D:2      | Reached skill level 4 in Axes
  1139 | D:2      | Reached XP level 4. HP: 32/35 MP: 4/4
  1153 | D:2      | Noticed Sigmund
  1573 | D:3      | Noticed a scorpion
  1587 | D:3      | Killed a scorpion
  1588 | D:3      | Reached skill level 5 in Axes
  1588 | D:3      | Reached XP level 5. HP: 20/41 MP: 5/5
  1720 | D:3      | beem: I am beem. For help, type: !beem
  1792 | D:3      | Found a faded altar of an unknown god.
  1803 | D:3      | Prayed at the altar of an unknown god.
  1803 | D:3      | Became a worshipper of the Shining One
  1803 | D:3      | Reached * piety under the Shining One
  2124 | D:3      | Reached XP level 6. HP: 45/47 MP: 6/6
  2215 | D:3      | Reached skill level 6 in Axes
  2612 | D:3      | Reached XP level 7. HP: 37/52 MP: 7/7
  2632 | D:3      | Reached skill level 7 in Axes
  2867 | D:3      | Found a runed translucent door.
  2868 | D:3      | Noticed Crazy Yiuf
  2883 | D:3      | HP: 1/52 [Crazy Yiuf/+4 quarterstaff of chaos (3)]
  2884 | D:3      | Slain by Crazy Yiuf

Illustrated notes

Levels and vault maps discovered:
D:1:      dpeg_arrival_morbid_curiosity, layout_basic, palyth_stone_intersect,
          st_stairs_14
D:2:      layout_basic, uniq_sigmund
D:3:      lemuel_castle_with_subvaults [lemuel_castle_interior_carwin_1],
          layout_loops_corners, dreamdust_ecumenical_altar_drowned_temple,
          grunt_decor_arrowhead, hangedman_decor_opposing, minmay_bisected,
          uniq_crazy_yiuf_cottage

Skill      XL: |  1  2  3  4  5  6  7 |
---------------+----------------------+-----
Axes           | 3 4 5 6 7 |  7.3
Fighting       | |  3.0
Armour         | |  3.0
Shields        | |  3.0

Action                     |  1- 3 |  4- 6 |  7- 9 || total
---------------------------+-------+-------+-------++-------
  Melee: War axe           |    89 |   178 |    38 ||   305
  Throw: Javelin           |       |     6 |       ||     6
 Invoke: Divine Shield     |       |       |     1 ||     1
 Armour: Scale mail        |    47 |    79 |    13 ||   139
  Dodge: Dodged            |    40 |    76 |    22 ||   138
  Block: Buckler           |    21 |    54 |     8 ||    83
